 Seeded DCSS version 0.30.1-11-g7821555f0a (webtiles) character file.

Game seed: 5 (custom seed)

5002 Kazon the Twirler (level 10, -1/75 HPs)
             Began as a Demonspawn Gladiator on Dec 21, 2023.
             Was a High Priest of Okawaru.
             Slain by a basilisk (10 damage)
             ... on level 8 of the Dungeon.
             The game lasted 00:24:56 (5185 turns).

Kazon the Twirler (Demonspawn Gladiator)            Turns: 5185, Time: 00:24:57

Health: -1/75      AC: 10    Str: 19    XL:     10   Next: 29%
Magic:  0/24       EV: 16    Int:  9    God:    Okawaru [*****.]
Gold:   406        SH:  0    Dex: 21    Spells: 9/9 levels left

rFire   . . .        y - +7 lajatang of Order {silver, rMut}
rCold   . . .        (shield currently unavailable)
rNeg    . . .        H - +0 scale mail
rPois   .            (helmet unavailable)
rElec   .            (no cloak)
rCorr   .            o - +0 pair of gloves
SInv    +            (no boots)
Will    .....        E - amulet of guardian spirit
Stlth   +++          r - ring of magical power
HPRegen 1.32/turn    A - +6 ring of dexterity
MPRegen 0.19/turn

%: resist mutation, guardian spirit
@: lethally poisoned (-1 -> -2), heroic
A: antennae 3, rugged brown scales 1, powered by death 2
a: Renounce Religion, Heroism, Finesse, Duel


You were on level 8 of the Dungeon.
You worshipped Okawaru.
Okawaru was extremely pleased with you.
You visited 2 branches of the dungeon, and saw 9 of its levels.
You also visited: Ossuary.

You collected 406 gold pieces.

Inventory:

Hand Weapons
 a - a +0 flail
 e - a +2 vampiric dagger
 f - a +0 hand axe of flaming
 v - a +0 vampiric hand axe
 y - the +7 lajatang of Order (weapon) {silver, rMut}
   (You acquired it on level 1 of the Dungeon)

   rMut:      It protects you from mutation.
Missiles
 d - 4 throwing nets
 g - a silver javelin
 k - 9 boomerangs (quivered)
 m - 9 poisoned darts
Armour
 c - a +0 tower shield
 o - a +0 pair of gloves (worn)
 H - a +0 scale mail (worn)
Jewellery
 r - a ring of magical power (left hand)
 A - a +6 ring of dexterity (right hand)
 E - an amulet of guardian spirit (around neck)
Wands
 l - a wand of paralysis (8)
Scrolls
 b - a scroll of enchant armour {unknown}
 h - a scroll of fog {unknown}
 n - 5 scrolls of identify {unknown}
 p - 2 scrolls of magic mapping {unknown}
 q - a scroll of blinking {unknown}
 t - 2 scrolls of teleportation {unknown}
 x - a scroll of torment {unknown}
 z - a scroll of amnesia {unknown}
 F - a scroll of poison {unknown}
 I - 2 scrolls of fear {unknown}
 L - a scroll of enchant weapon {unknown}
Potions
 i - 2 potions of invisibility {unknown}
 j - 3 potions of curing
 u - a potion of resistance {unknown}
 w - 5 potions of flight {unknown}
 B - 4 potions of heal wounds {unknown}
 C - a potion of lignification {unknown}
 D - 4 potions of attraction {unknown}
 G - 2 potions of berserk rage {unknown}
 J - a potion of haste {unknown}
 K - 3 potions of brilliance {unknown}


   Skills:
 + Level 4.7(9.7) Fighting
 + Level 3.1(8.7) Axes
 + Level 3.0(10.9) Maces & Flails
 + Level 7.1(12.4) Staves
 + Level 4.6(9.6) Throwing
 + Level 3.5(8.5) Armour
 + Level 4.1(9.1) Dodging
 + Level 3.6(8.6) Stealth
 + Level 2.1(7.1) Shields
 * Level 6.9 Invocations
 * Level 5.4 Evocations


You had 9 spell levels left.
You didn't know any spells.
Your spell library contained the following spells:

 Spells                   Type           Power      Damage    Failure   Level
 Frozen Ramparts          Ice            0%         1d1       97%         3
 Ignite Poison            Fire/Tmut/Pois 0%         N/A       97%         3
 Ice Form                 Ice/Tmut       0%         N/A       100%        4
 Sticky Flame             Conj/Fire      0%         2d3       100%        4
 Eringya's Noxious Bog    Tmut/Pois      0%         N/A       100%        6
 Ignition                 Fire           0%         3d3       100%        8
 Summon Ice Beast         Ice/Summ       Unusable   N/A       N/A         4
 Summon Forest            Summ/Tloc      Unusable   N/A       N/A         5
 Summon Hydra             Summ           Unusable   N/A       N/A         7

Dungeon Overview and Level Annotations

Branches:
Dungeon (8/15)             Temple (1/1) D:4         Ossuary (visited)
   Lair: D:8-11

Altars:
Dithmenos
Fedhas
Gozag
Hepliaklqana
Okawaru
Qazlal
Trog
Uskayaw
Wu Jian
Xom


Innate Abilities, Weirdness & Mutations

You have a pair of large antennae on your head. (SInv)
You are partially covered in rugged brown scales. (AC +1, +3% HP)
You regenerate health from kills.


Message History

You hit the water moccasin.
The water moccasin is moderately wounded.
You feel very sick. The water moccasin barely misses you.
The water moccasin bites you.
You are lethally poisoned!
The water moccasin poisons you!
You have turned to stone.
The water moccasin bites you but does no damage.
The water moccasin bites you.
* * * LOW HITPOINT WARNING * * *
The water moccasin bites you.
* * * LOW HITPOINT WARNING * * *
The water moccasin bites you but does no damage.
The water moccasin bites you but does no damage. x3
The water moccasin bites you!
* * * LOW HITPOINT WARNING * * *
The water moccasin bites you but does no damage.
The water moccasin bites you.
* * * LOW HITPOINT WARNING * * *
The water moccasin bites you.
* * * LOW HITPOINT WARNING * * *
The water moccasin bites you.
The water moccasin bites you but does no damage.
The water moccasin barely misses you.
You turn to flesh and can move again.
Unknown command.
You feel better. The water moccasin barely misses you.
You barely miss the water moccasin.
The water moccasin is moderately wounded.
The water moccasin bites you.
* * * LOW HITPOINT WARNING * * *
You are lethally poisoned!
The water moccasin poisons you!
You slice the water moccasin!!
You kill the water moccasin!
Okawaru accepts your kill.
You feel very sick.
You barely miss the basilisk.
You feel very sick.
You closely miss the basilisk.
You feel sick. The basilisk bites you!
You die...

>.# ......###..##..#
..# ....#..##....S.
#.... #.....#....#
#..# #..#....#..#
#.# #......#..#
###.####..###...#
.## .#..#....##
##..# #....
.....###..#
##l##....# #..###
##.## ##@....# ..##
#..## #....##
...######...##
#...##
.##......###.###.#.#
#########.....####.#
####.## ## ###


You could see a basilisk.

Vanquished Creatures
  A two-headed ogre (D:7)
  A polar bear (D:8)
  Sigmund (D:4)
  A wyvern (D:8)
  Duvessa (D:6)
  5 water moccasins
  A sky beast (D:7)
  3 black bears
  2 centaurs
  2 ogres
  An elf zombie (Ossuary)
  A kobold brigand (D:7)
  A bullfrog (D:8)
  A gnoll sergeant (D:8)
  3 scorpions
  4 killer bees (D:7)
  10 wights (D:7)
  Dowan (D:6)
  A howler monkey (D:5)
  A vampire bat (D:7)
  An electric eel (D:8)
  6 hounds
  A wyvern simulacrum (D:8)
  A centaur zombie (Ossuary)
  3 orc priests (D:6)
  3 human zombies (Ossuary)
  A jelly (D:5)
  6 iguanas
  6 orc wizards
  4 ogre zombies (Ossuary)
  A centaur simulacrum (D:8)
  7 mummies (Ossuary)
  11 gnolls
  9 adders
  A white imp (D:7)
  2 ufetubi
  A worm zombie (D:7)
  2 adder zombies (Ossuary)
  3 worms
  18 orcs
  12 bats
  9 endoplasms
  A giant cockroach (D:1)
  12 goblins
  7 hobgoblins
  11 jackals
  10 kobolds
  3 quokkas (D:4)
  6 ball pythons
  3 frilled lizards
  4 goblin zombies (Ossuary)
  6 hobgoblin zombies
  3 kobold zombies
  4 quokka zombies (Ossuary)
  4 rats
  4 rat zombies (Ossuary)
228 creatures vanquished.

Notes
Turn   | Place    | Note
-------+----------+-------------------------------------------
     0 | D:1      | Kazon the Demonspawn Gladiator began the quest for the Orb.
     0 | D:1      | Reached XP level 1. HP: 16/16 MP: 1/1
    51 | D:1      | Identified a scroll of acquirement
    51 | D:1      | Acquired the +7 lajatang of Order {silver, rMut}
    51 | D:1      | Found the +7 lajatang of Order {silver, rMut}
    81 | D:1      | Gained mutation: You have a pair of small antennae on your
                  | head. [demonic ancestry]
    81 | D:1      | Reached XP level 2. HP: 16/22 MP: 2/2
   362 | D:1      | Gained mutation: You are partially covered in rugged brown
                  | scales. (AC +1, +3% HP) [demonic ancestry]
   362 | D:1      | Reached XP level 3. HP: 22/27 MP: 3/3
   806 | D:2      | Reached skill level 1 in Staves
   917 | D:2      | Reached XP level 4. HP: 35/35 MP: 4/4
  1254 | D:2      | Reached skill level 2 in Staves
  1489 | D:3      | Found a blossoming altar of Fedhas.
  1654 | D:3      | Found a stormy altar of Qazlal.
  1828 | D:3      | Found a faded altar of an unknown god.
  1849 | D:3      | Identified the +2 sling "Qeuhanocyt" {speed, rElec Str-3
                  | Dex+2}
  1994 | D:4      | Found a staircase to the Ecumenical Temple.
  2002 | D:4      | Gained mutation: You regenerate a little health from kills.
                  | [demonic ancestry]
  2002 | D:4      | Reached XP level 5. HP: 38/40 MP: 5/5
  2008 | Temple   | Entered the Ecumenical Temple
  2021 | Temple   | Became a worshipper of Warmaster Okawaru
  2087 | D:4      | Noticed a black bear
  2094 | D:4      | Killed a black bear
  2095 | D:4      | Reached skill level 1 in Invocations
  2103 | D:4      | Found a hazy altar of Hepliaklqana.
  2115 | D:4      | Found a shadowy altar of Dithmenos.
  2116 | D:4      | Noticed a shadow
  2151 | D:4      | Noticed Sigmund
  2166 | D:4      | Killed Sigmund
  2166 | D:4      | Reached * piety under Okawaru
  2167 | D:4      | Reached skill level 3 in Staves
  2167 | D:4      | Reached skill level 1 in Armour
  2167 | D:4      | Gained mutation: You have a pair of antennae on your head.
                  | [demonic ancestry]
  2167 | D:4      | Reached XP level 6. HP: 38/47 MP: 7/7
  2237 | D:4      | Reached skill level 1 in Evocations
  2437 | D:4      | Gained mutation: You have a pair of large antennae on your
                  | head. (SInv) [demonic ancestry]
  2437 | D:4      | Reached XP level 7. HP: 51/53 MP: 8/8
  2679 | D:5      | Entered Level 5 of the Dungeon
  2785 | D:5      | Reached skill level 4 in Staves
  2844 | D:5      | Reached ** piety under Okawaru
  2845 | D:5      | Reached skill level 1 in Stealth
  3112 | D:6      | Noticed Dowan
  3113 | D:6      | Noticed Duvessa
  3122 | D:6      | Killed Duvessa
  3123 | D:6      | Gained mutation: You regenerate health from kills. [demonic
                  | ancestry]
  3123 | D:6      | Reached XP level 8. HP: 48/59 MP: 11/11
  3126 | D:6      | Killed Dowan
  3209 | D:6      | Reached skill level 5 in Staves
  3285 | D:6      | Found a shimmering altar of Xom.
  3595 | D:6      | Reached *** piety under Okawaru
  3596 | D:6      | Reached skill level 1 in Axes
  3596 | D:6      | Reached skill level 5 in Invocations
  3657 | D:7      | Reached skill level 1 in Shields
  3720 | D:7      | Found a sand-covered staircase.
  3735 | Ossuary  | Entered an ossuary
  3846 | Ossuary  | Reached XP level 9. HP: 53/66 MP: 12/12
  4349 | D:7      | Reached **** piety under Okawaru
  4540 | D:7      | Noticed a two-headed ogre
  4551 | D:7      | Killed a two-headed ogre
  4551 | D:7      | Received a gift from Okawaru
  4552 | D:7      | Reached skill level 6 in Staves
  4709 | D:7      | Reached skill level 5 in Evocations
  4874 | D:7      | Reached XP level 10. HP: 75/75 MP: 14/14
  4947 | D:7      | Reached ***** piety under Okawaru
  5169 | D:8      | Reached skill level 7 in Staves
  5185 | D:8      | Slain by a basilisk

Illustrated notes

Levels and vault maps discovered:
D:1:      ebering_trefoil_3fold, layout_basic, st_stairs_14, serial_bayou_ford_a
D:2:      layout_basic, hangedman_decor_growths, minmay_close_crescents
D:3:      layout_rooms, mainiacjoe_overflow_concentric_impassable,
          mainiacjoe_overflow_paths, shapermc_ecumenical_altar_acropolis,
          chequers_serial_rivers_micro_b
D:4:      layout_basic, riverfiend_overflow_shadow_ancestor,
          minmay_temple_entry_glass, uniq_sigmund
D:5:      layout_gridville
D:6:      layout_basic, xom_teletrap_fun, uniq_duvessa
D:7:      layout_loops_ring, enter_ossuary_3, roderic_batcave
D:8:      layout_layer_cave, minmay_lair_entry_grove, serial_shops,
          nicolae_lakefront_shop, serial_ice, serial_ice_o, serial_ice_d,
          serial_ice_k, serial_ice_a
Temple:   nicolae_temple_elliptical

Skill      XL: |  1  2  3  4  5  6  7  8  9 10 |
---------------+-------------------------------+-----
Dodging        | 3 4 |  4.1
Maces & Flails | 3 |  3.0
Staves         | 1 2 3 4 5 6 7 |  7.1
Throwing       | 2 3 4 |  4.6
Invocations    | 2 4 5 6 |  6.9
Armour         | 1 2 3 |  3.5
Evocations     | 1 2 3 5 |  5.4
Fighting       | 3 4 |  4.7
Stealth        | 1 3 |  3.6
Axes           | 1 3 |  3.1
Shields        | 1 2 |  2.1

Action                     |  1- 3 |  4- 6 |  7- 9 | 10-12 || total
---------------------------+-------+-------+-------+-------++-------
  Melee: Flail             |    19 |       |       |       ||    19
         Lajatang          |    69 |    77 |   138 |    48 ||   332
         Hand axe          |       |       |   323 |       ||   323
  Throw: Stone             |       |     5 |    49 |       ||    54
         Dart              |       |     4 |    19 |     2 ||    25
         Throwing net      |       |       |     1 |       ||     1
         Boomerang         |       |       |    11 |     2 ||    13
         Javelin           |       |       |     1 |       ||     1
 Invoke: Heroism           |       |       |     2 |     1 ||     3
    Use: Scroll            |     2 |       |     1 |       ||     3
         Potion            |     1 |       |       |     2 ||     3
   Stab: Sleeping          |       |     2 |     1 |       ||     3
         Distracted        |       |       |     1 |       ||     1
 Armour: Leather armour    |    23 |    18 |    17 |       ||    58
         Scale mail        |       |       |   105 |    30 ||   135
  Dodge: Dodged            |    58 |    52 |   177 |    43 ||   330
  Block: Tower shield      |       |       |   205 |       ||   205
